 Dungeon Crawl Stone Soup version 0.21-a0-442-g848f44b (webtiles) character file.

4290 slep the Fighter (level 10, -1/91 HPs)
             Began as a Hill Orc Wanderer on Nov 16, 2017.
             Was a High Priest of Okawaru.
             Slain by Prince Ribbit (11 damage)
             ... on level 7 of the Dungeon.
             The game lasted 00:36:31 (7361 turns).

slep the Fighter (Hill Orc Wanderer)                Turns: 7361, Time: 00:36:31

Health: -1/91      AC: 13    Str: 17    XL:     10   Next: 32%
Magic:  3/3        EV: 11    Int: 13    God:    Okawaru [*****.]
Gold:   423        SH:  0    Dex: 11    Spells: 9/9 levels left

rFire    . . .     SeeInvis .   o - +2 spear (antimagic)
rCold    . . .     Gourm    .   (no shield)
rNeg     . . .     Faith    .   K - +2 scale mail {MR+}
rPois    .         Spirit   .   N - +1 helmet
rElec    .         Reflect  .   k - +0 cloak
rCorr    .         Harm     .   (no gloves)
MR       ++...                  (no boots)
Stlth    ..........             (no amulet)
HPRegen  0.25/turn              T - ring of protection from magic
MPRegen  0.08/turn              S - ring of loudness (curse)

@: no status effects
A: no striking features
a: Heroism, Finesse, Renounce Religion


You were on level 7 of the Dungeon.
You worshipped Okawaru.
Okawaru was extremely pleased with you.
You were hungry.

You visited 1 branch of the dungeon, and saw 7 of its levels.
You also visited: Ossuary.

You collected 423 gold pieces.

Inventory:

Hand Weapons
 a - a +2 morningstar
 o - a +2 antimagic spear (weapon)
 r - a +0 hand axe of electrocution
Missiles
 t - 233 stones (quivered)
 P - a throwing net
Armour
 k - a +0 cloak (worn)
 K - a +2 scale mail of magic resistance (worn)
 N - a +1 helmet (worn)
Jewellery
 e - a +2 ring of strength
 m - a +4 ring of intelligence
 D - an uncursed ring of wizardry
 L - an uncursed ring of fire
 M - an uncursed ring of ice
 S - a cursed ring of loudness (right hand)
 T - a ring of protection from magic (left hand)
Wands
 G - a wand of lightning (4/15)
 Q - a wand of flame (21/48)
Scrolls
 b - 4 scrolls of teleportation
 i - 6 scrolls of remove curse {unknown}
 j - 12 scrolls of identify {unknown}
 s - 4 scrolls of immolation {unknown}
 u - 2 scrolls of amnesia {unknown}
 v - 4 scrolls of random uselessness {unknown}
 w - 2 scrolls of fog {unknown}
 y - a scroll of recharging {unknown}
 A - 4 scrolls of enchant armour {unknown}
 B - 2 scrolls of noise {unknown}
 H - 3 scrolls of blinking {unknown}
 O - a scroll of magic mapping {unknown}
Potions
 c - 7 potions of curing
 g - a potion of might
 h - a potion of berserk rage
 l - 4 potions of flight {unknown}
 n - 3 potions of agility {unknown}
 p - 3 potions of ambrosia {unknown}
 z - 8 potions of degeneration {unknown}
 C - 3 potions of lignification {unknown}
 E - 2 potions of invisibility {unknown}
 F - a potion of mutation {unknown}
 I - 2 potions of heal wounds {unknown}
 J - 4 potions of magic {unknown}
Comestibles
 f - 8 bread rations
 q - 6 royal jellies
 x - 4 meat rations
 R - 5 fruits


   Skills:
 + Level 9.3 Fighting
 + Level 8.2(10.5) Axes
 + Level 8.4(9.5) Maces & Flails
 + Level 1.9(4.7) Polearms
 + Level 7.9 Armour
 + Level 3.4 Dodging
 + Level 1.5 Stealth
   Level 1.1 Shields


You had 9 spell levels left.
You didn't know any spells.

Dungeon Overview and Level Annotations

Branches:
Dungeon (7/15)             Temple (0/1) D:4

Altars:
Dithmenos
Hepliaklqana
Okawaru
Ru
Trog
Wu Jian
Xom
Yredelemnul

Annotations:
D:7 Prince Ribbit


Message History

Prince Ribbit asks, "Just a little smooch?"
Prince Ribbit hits you.
* * * LOW HITPOINT WARNING * * *
You hit Prince Ribbit.
Prince Ribbit's magic leaks into the air.
Prince Ribbit is heavily wounded.
Prince Ribbit hits you.
* * * LOW HITPOINT WARNING * * *
You hit Prince Ribbit.
Prince Ribbit's magic leaks into the air.
Prince Ribbit is severely wounded.
Prince Ribbit hits you.
* * * LOW HITPOINT WARNING * * *
Prince Ribbit hits you.
* * * LOW HITPOINT WARNING * * *
You hit Prince Ribbit.
Prince Ribbit's magic leaks into the air.
Prince Ribbit is severely wounded.
Prince Ribbit hits you!
You die...

#...##)... # ## #...#..#8# ##
#.### #...#..### 8# #...#
#...#...# ## # #.#.#
####.......# # #.
#.#.########......#...#
##.##.####.#...............#...#
8#....<.##.#...(....#..#)..#...#
#######........F@......#########
##8#................##.#
............#.......#..#
......####............## ......#
#.........#[## ## ##8#..#
#.#........).## ###8## #######
..#.......#...#####..... ...#
..###...####.#........... ####
## #.#....#.######......


You could see Prince Ribbit.

Vanquished Creatures
  The ghost of cellescent the Sneak, an amateur OpWn of Nemelex Xobeh (D:5)
  Sigmund (D:6)
  2 hippogriffs
  6 yaks
  4 hogs (D:7)
  A human (D:7)
  2 ice beasts (D:7)
  A hornet zombie (D:7)
  The ghost of kylix the Ruffian, an amateur TrCK of Xom (D:4)
  2 ogres
  A bullfrog (D:6)
  A wyvern skeleton (D:6)
  4 scorpions
  3 killer bees (D:7)
  3 wights (D:6)
  A bullfrog zombie (D:6)
  A centaur zombie (D:7)
  2 crimson imps
  4 hounds
  A jelly (D:7)
  An orc wizard (D:7)
  Crazy Yiuf (D:4)
  A gnoll shaman (D:4)
  2 orc priests (D:7)
  A bullfrog skeleton (D:6)
  Natasha (thrice) (D:2)
  3 worker ants
  A hound zombie (D:5)
  A hound skeleton (D:6)
  4 mummies (Ossuary)
  2 worker ant zombies
  A howler monkey zombie (D:6)
  Robin (D:3)
  7 gnolls
  7 adders
  A howler monkey skeleton (D:6)
  A shadow imp (D:5)
  2 oozes
  A worm (D:2)
  2 dart slugs
  7 orcs
  5 giant cockroaches
  13 goblins
  5 hobgoblins
  4 jackals (D:2)
  3 quokkas
  6 bats
  2 frilled lizards
  A gnoll zombie (Ossuary)
  2 hobgoblin zombies (Ossuary)
  A jackal skeleton (D:6)
  6 kobolds
  An orc zombie (Ossuary)
  8 rats
149 creatures vanquished.

Vanquished Creatures (others)
  5 dream sheep (D:7)
5 creatures vanquished.

Grand Total: 154 creatures vanquished

Notes
Turn   | Place    | Note
-------+----------+-------------------------------------------
     0 | D:1      | slep the Hill Orc Wanderer began the quest for the Orb.
     0 | D:1      | slep set off with: a +2 spear, a scroll of teleportation, a potion of curing, a +0 robe, a bread ration
     0 | D:1      | Reached XP level 1. HP: 22/22 MP: 1/1
    81 | D:1      | Reached skill level 5 in Fighting
   378 | D:1      | Reached XP level 2. HP: 29/29 MP: 2/2
   964 | D:2      | Reached XP level 3. HP: 18/37 MP: 3/3
  1181 | D:2      | Noticed Natasha
  1187 | D:2      | Killed Natasha
  1187 | D:2      | Reached skill level 1 in Axes
  1187 | D:2      | Reached XP level 4. HP: 40/44 MP: 4/4
  1494 | D:3      | Found a bloodstained altar of Trog.
  1501 | D:3      | Found an iron altar of Okawaru.
  1503 | D:3      | Found a hazy altar of Hepliaklqana.
  1503 | D:3      | Found a basalt altar of Yredelemnul.
  1503 | D:3      | Found a sacrificial altar of Ru.
  1503 | D:3      | Found a shadowy altar of Dithmenos.
  1503 | D:3      | Found an ornate altar of the Wu Jian Council.
  1509 | D:3      | Became a worshipper of Warmaster Okawaru
  1586 | D:2      | Noticed Natasha
  1593 | D:2      | Killed Natasha
  1656 | D:2      | Noticed Natasha
  1664 | D:2      | Killed Natasha
  1664 | D:2      | Reached skill level 6 in Fighting
  1664 | D:2      | Reached skill level 1 in Armour
  1675 | D:3      | Reached XP level 5. HP: 45/50 MP: 5/5
  1857 | D:3      | You fall through a shaft for 2 floors!
  1857 | D:5      | Entered Level 5 of the Dungeon
  1860 | D:5      | Noticed an ogre
  1874 | D:5      | Killed an ogre
  1902 | D:5      | Reached * piety under Okawaru
  1902 | D:5      | Reached XP level 6. HP: 39/57 MP: 6/6
  1964 | D:5      | Found a sand-covered staircase.
  1971 | Ossuary  | Entered an ossuary
  2253 | D:5      | Reached skill level 5 in Axes
  2297 | D:5      | Noticed cellescent's ghost (amateur OpWn)
  2308 | D:5      | Killed cellescent's ghost
  2308 | D:5      | Reached ** piety under Okawaru
  2308 | D:5      | Reached skill level 7 in Fighting
  2308 | D:5      | Reached XP level 7. HP: 26/66 MP: 4/7
  2848 | D:6      | Noticed a yak
  2850 | D:6      | Noticed a yak
  2850 | D:6      | Noticed a yak
  2853 | D:6      | Noticed a yak
  2854 | D:6      | Noticed a yak
  2855 | D:6      | Noticed a yak
  2860 | D:6      | Killed a yak
  2860 | D:6      | Reached XP level 8. HP: 49/73 MP: 8/8
  2884 | D:5      | HP: 1/73 [yak (9)]
  3256 | D:4      | Found a runed door.
  3317 | D:4      | Found a staircase to the Ecumenical Temple.
  3567 | D:4      | Reached *** piety under Okawaru
  3606 | D:4      | Noticed kylix's ghost (amateur TrCK)
  3627 | D:4      | Killed kylix's ghost
  3627 | D:4      | Reached skill level 8 in Fighting
  3707 | D:3      | Noticed Robin
  3726 | D:3      | Killed Robin
  4381 | D:4      | Noticed Crazy Yiuf
  4384 | D:4      | Killed Crazy Yiuf
  4697 | D:5      | Killed a yak
  4704 | D:5      | Killed a yak
  4708 | D:5      | Killed a yak
  4708 | D:5      | Reached skill level 5 in Armour
  4708 | D:5      | Reached XP level 9. HP: 49/82 MP: 9/9
  4877 | D:4      | Reached skill level 5 in Maces & Flails
  5379 | D:6      | Noticed Sigmund
  5400 | D:6      | Killed Sigmund
  5400 | D:6      | Reached **** piety under Okawaru
  5502 | D:6      | Found a bloodstained altar of Trog.
  6515 | D:7      | Reached skill level 9 in Fighting
  6536 | D:7      | Reached XP level 10. HP: 58/91 MP: 10/10
  6637 | D:7      | Reached ***** piety under Okawaru
  6901 | D:7      | Found a shimmering altar of Xom.
  7055 | D:7      | Noticed Prince Ribbit
  7361 | D:7      | Slain by Prince Ribbit

Vault maps used:
D:1:      minmay_arrival_four_loops, grunt_decor_clamped, nrook_uturn
D:2:      roderic_serpentine_path, uniq_natasha
D:3:      grunt_temple_overflow_open, hangedman_decor_clover_reticule,
          hangedman_decor_riveting, uniq_robin
D:4:      minmay_temple_entry_mist, uniq_crazy_yiuf_cottage
D:5:      chequers_ossuary_entry_cave, first_bread
D:6:      bloody_trog, uniq_sigmund
D:7:      serial_corexii_hall, corexii_hall_statues_deadend,
          corexii_hall_statues_t, corexii_hall_statues_deadend,
          corexii_hall_statues_s, corexii_hall_statues_l,
          corexii_hall_statues_l, grunt_livestock, kb_xom_exploding_sheep,
          uniq_prince_ribbit1
Ossuary:  ossuary_crypta

Skill      XL: |  1  2  3  4  5  6  7  8  9 10 |
---------------+-------------------------------+-----
Fighting       | 5 6 7 8 9 |  9.3
Axes           | 1 2 4 6 8 |  8.2
Armour         | 1 2 3 5 7 |  7.9
Dodging        | 2 3 |  3.4
Maces & Flails | 4 7 8 |  8.4
Polearms       | |  1.9
Stealth        | |  1.5
Shields        | |  1.1

Action                   |  1- 3 |  4- 6 |  7- 9 | 10-12 || total
-------------------------+-------+-------+-------+-------++-------
Melee: Spear             |    33 |       |       |    42 ||    75
       Hand axe          |    43 |    96 |    57 |       ||   196
       Morningstar       |       |       |   272 |    72 ||   344
Throw: Stone             |       |       |     1 |     1 ||     2
  Use: Potion            |       |       |     1 |     3 ||     4
  Eat: Chunk             |       |     3 |    11 |     2 ||    16
       Bread ration      |       |       |     1 |       ||     1
Armor: Robe              |     3 |       |       |       ||     3
       Ring mail         |    27 |    26 |    11 |       ||    64
       Scale mail        |       |       |   136 |    53 ||   189
Dodge: Dodged            |    45 |    40 |   158 |    64 ||   307

Table legend:
 A = Spawn XP
 B = Non-spawn XP
 C = Spawn XP percentage of total XP
 D = Spawn monster count
 E = Non-spawn monster count
 F = Spawn count percentage of total count
 G = Total turns spent on level
                    A         B        C        D         E        F      G
               +---------+---------+-------+---------+---------+-------+---------
         Total |       0 |    6129 |   0.0 |       0 |     149 |   0.0 |  7361
               +---------+---------+-------+---------+---------+-------+---------
           D:1 |       0 |      28 |   0.0 |       0 |      18 |   0.0 |   947
           D:2 |       0 |     130 |   0.0 |       0 |      16 |   0.0 |   659
           D:3 |       0 |      66 |   0.0 |       0 |      22 |   0.0 |   657
           D:4 |       0 |     639 |   0.0 |       0 |      18 |   0.0 |  1446
           D:5 |       0 |    1374 |   0.0 |       0 |      15 |   0.0 |  1219
           D:6 |       0 |    1514 |   0.0 |       0 |      24 |   0.0 |  1196
           D:7 |       0 |    2302 |   0.0 |       0 |      28 |   0.0 |  1011
       Ossuary |       0 |      76 |   0.0 |       0 |       8 |   0.0 |   226
               +---------+---------+-------+---------+---------+-------+---------
